 Dungeon Crawl Stone Soup version 0.30-a0-702-gdf48620a09 (webtiles) character file.

Game seed: 1142475576005310694

5740 drugrobin the Grappler (level 10, -10/76 (78) HPs)
             Began as a Demigod Delver on Jan 22, 2023.
             Mangled by a two-headed ogre
             ... wielding a +0 giant club
              (21 damage)
             ... on level 8 of the Dungeon.
             The game lasted 00:29:18 (11098 turns).

drugrobin the Grappler (Demigod Delver)            Turns: 11098, Time: 00:29:19

HP:   -10/76 (78)   AC: 10    Str: 21    XL:     10   Next: 25%
MP:   13/13         EV:  6    Int: 12    God:
Gold: 926           SH:  5    Dex: 19    Spells: 9/9 levels left

rFire   . . .      SeeInvis .      - Unarmed
rCold   . . .      Faith    .    (no shield)
rNeg    + . .      Spirit   .    y - +0 plate armour
rPois   .          Reflect  +    (no helmet)
rElec   .          Harm     .    (no cloak)
rCorr   .          Rampage  .    (no gloves)
Will    +....                    (no boots) Stlth
                                 M - amulet of reflection
HPRegen 0.32/turn                a - ring of positive energy
MPRegen 0.13/turn                (no ring)

@: on berserk cooldown, slowed, lightly drained, very slow
A: high MP 1, forlorn, divine attributes
a: no special abilities


You were on level 8 of the Dungeon.
You visited 1 branch of the dungeon, and saw 8 of its levels.
You also visited: Bailey.

You collected 926 gold pieces.

Inventory:

Hand Weapons
 b - a +1 short sword of venom
 c - a +0 sling
 d - a +0 arbalest
 k - the +2 long sword of Grim Subterfuge {flame, Contam rPois Str+7 Dex+2}
   (You took it off a gnoll sergeant in a bailey)

   Str:       It affects your strength (+7).
   Dex:       It affects your dexterity (+2).
   rPois:     It protects you from poison.
   Contam:    It causes magical contamination when unequipped.
 D - a +1 whip of electrocution
Missiles
 x - 2 atropa-tipped darts (quivered)
 E - 6 poisoned darts
 K - a throwing net
Armour
 l - a +0 scale mail
 m - +0 steam dragon scales
 y - a +0 plate armour (worn)
 L - a +0 leather armour
Jewellery
 a - a ring of positive energy (left hand)
 i - an amulet of guardian spirit
 I - a ring of ice
 M - an amulet of reflection (around neck)
Wands
 f - a wand of digging (3)
 g - a wand of iceblast (4)
 F - a wand of charming (5)
 G - a wand of acid (4)
Scrolls
 j - a scroll of magic mapping
 o - 3 scrolls of fog
 r - 2 scrolls of immolation
 s - a scroll of silence
 t - 4 scrolls of teleportation {unknown}
 B - 2 scrolls of amnesia
 H - 2 scrolls of torment {unknown}
 O - a scroll of poison
Potions
 e - 2 potions of haste
 h - a potion of attraction {unknown}
 n - 2 potions of magic
 q - a potion of berserk rage
 v - 2 potions of brilliance
 w - 2 potions of resistance
 z - a potion of might {unknown}
 A - a potion of flight
 C - 2 potions of heal wounds
 J - 2 potions of curing


   Skills:
 + Level 3.9 Fighting
 - Level 1.7 Dodging
 - Level 4.5 Stealth
 * Level 13.5 Unarmed Combat
 - Level 4.0 Evocations


You had 9 spell levels left.
You didn't know any spells.
Your spell library contained the following spells:

 Spells                   Type           Power      Damage    Failure   Level
 Kiss of Death            Conj/Necr      0%         2d5       100%        1
 Necrotise                Necr           0%         1d4       100%        1
 Blink                    Tloc           0%         N/A       100%        2
 Confusing Touch          Hex            0%         N/A       100%        3
 Ignite Poison            Fire/Tmut/Pois 0%         N/A       100%        3
 Vampiric Draining        Necr           0%         2d6       100%        3
 Vhi's Electric Charge    Tloc/Air       0%         N/A       100%        3
 Dispel Undead            Necr           0%         3d6       100%        4
 Manifold Assault         Tloc           0%         N/A       100%        4
 Sticky Flame             Conj/Fire      0%         2d3       100%        4
 Agony                    Necr           0%         N/A       100%        5
 Arcjolt                  Conj/Air       0%         1d10      100%        5
 Storm Form               Tmut/Air       0%         N/A       100%        7
 Ignition                 Fire           0%         3d3       100%        8
 Maxwell's Capacitive Co  Air            0%         ∞         100%        8


Dungeon Overview and Level Annotations

Branches:
Dungeon (8/15)             Temple (0/1) D:5          Bailey (visited)
   Lair: D:8-11

Shops:
D:5 =

Annotations:
D:3 1 runed translucent door, Crazy Yiuf


Innate Abilities, Weirdness & Mutations

You have an increased reservoir of magic. (+10% MP)
You shall have no god before yourself.
Your divine heritage dramatically boosts your attributes as you level up.


Message History

You barely miss Duvessa.
Duvessa is almost dead.
Duvessa hits you with a +3 rapier of draining!!
You partially resist.
You feel drained.
You punch Duvessa!
You kill Duvessa!
You barely miss the orc.
The howler monkey hoots and howls with incredible vigour!
You hear a roar!
You hear a shout!
You punch the orc!
You kill the orc!
You pummel the howler monkey!!
You kill the howler monkey!
The two-headed ogre hits you with a +0 giant club.
The two-headed ogre hits you with a +0 giant club!
Items here: ! $ )) [ †.
You hit the two-headed ogre.
The two-headed ogre is lightly wounded.
You hit the two-headed ogre. You punch the two-headed ogre!
The two-headed ogre is heavily wounded.
You punch the two-headed ogre! Your punch misses the two-headed ogre.
The two-headed ogre is heavily wounded.
The two-headed ogre hits you with a +0 giant club!!
* * * LOW HITPOINT WARNING * * *
The two-headed ogre hits you with a +0 giant club!
* * * LOW HITPOINT WARNING * * *
You punch the two-headed ogre!
The two-headed ogre is severely wounded.
Unknown command.
Unknown command.
You barely miss the two-headed ogre.
The two-headed ogre is severely wounded.
Unknown command.
You barely miss the two-headed ogre.
The two-headed ogre is severely wounded.
You are no longer berserk.
You are exhausted.
You feel yourself slow down.
The two-headed ogre hits you with a +0 giant club!!
You die...

#.##..###.≈#.....'..# ≈
#.....# #.~#######..#######≈
####..###.#~≈~~~~~~~~~≈~~~~#
#>............O.F.....)#<
#.######.###..#........#.
#.# #.# #.###.....o... #.#
#.###o# #.....)... #.#
#.##..# #......##. #.#
#@##.## #......##. #.#
#.Oz.# ##########
########.### ###..# ####..
#..........# ####.### #.)..#
##.........# #......###
######
####......###......#.#
##......#........##
#...<...........#
#..............##


You could see a two-headed ogre and a wight.

Vanquished Creatures
  Pikel (D:4)
  A deep elf pyromancer (D:8)
  Grinder (D:5)
  Sigmund (D:6)
  A yak (D:7)
  Eustachio (D:6)
  2 steam dragons (D:8)
  Duvessa (D:8)
  4 orc warriors
  A sky beast (D:7)
  A black bear (D:4)
  3 wolves (Bailey)
  An ogre (D:7)
  3 centaurs (D:8)
  4 lemures (D:4)
  4 phantoms
  A kobold brigand (D:8)
  A necrophage (D:7)
  4 bullfrogs
  6 gnoll sergeants
  5 scorpions
  Dowan (D:7)
  3 killer bees
  2 howler monkeys
  2 jellies
  7 hounds
  5 gnoll boudas (Bailey)
  5 orc priests
  Jessica (D:3)
  6 iguanas
  4 orc wizards
  6 adders
  13 gnolls
  2 white imps
  2 ufetubi
  A worm (D:2)
  6 dart slugs
  19 orcs
  5 bats
  8 endoplasms
  4 giant cockroaches
  8 goblins
  5 hobgoblins
  6 kobolds
  4 quokkas
  8 ball pythons
  2 frilled lizards (D:1)
  6 rats
188 creatures vanquished.

Vanquished Creatures (collateral kills)
  A gnoll sergeant (Bailey)
  A gnoll bouda (Bailey)
  3 gnolls (Bailey)
  An orc (D:8)
6 creatures vanquished.

Vanquished Creatures (others)
  A gnoll sergeant (Bailey)
  A killer bee (D:7)
  An orc (D:5)
  A fungus (D:3)
  A plant (D:8)
5 creatures vanquished.

Grand Total: 199 creatures vanquished

Notes
Turn   | Place    | Note
-------+----------+-------------------------------------------
     0 | D:5      | drugrobin the Demigod Delver began the quest for the Orb.
     0 | D:5      | Reached XP level 1. HP: 18/18 MP: 3/3
    83 | D:4      | Noticed a phantom
   116 | D:4      | Noticed a hound
   188 | D:2      | Reached skill level 2 in Unarmed Combat
   454 | D:2      | Reached XP level 2. HP: 22/25 MP: 2/4
   679 | D:1      | Reached skill level 3 in Unarmed Combat
  1078 | D:1      | Reached XP level 3. HP: 29/30 MP: 5/5
  2309 | D:3      | Reached skill level 4 in Unarmed Combat
  2309 | D:3      | Reached XP level 4. HP: 31/37 MP: 3/6
  2343 | D:3      | Noticed Jessica
  2379 | D:3      | Killed Jessica
  2605 | D:3      | Reached skill level 5 in Unarmed Combat
  2605 | D:3      | Reached XP level 5. HP: 31/42 MP: 5/7
  2967 | D:3      | Found a runed translucent door.
  2968 | D:3      | Noticed Crazy Yiuf
  3358 | D:4      | Reached skill level 6 in Unarmed Combat
  3358 | D:4      | Reached XP level 6. HP: 47/50 MP: 6/8
  3536 | D:4      | Found a large runed translucent door.
  3536 | D:4      | Found a large runed translucent door.
  3539 | D:4      | Noticed Pikel
  3740 | D:4      | Reached skill level 7 in Unarmed Combat
  4184 | D:4      | Reached XP level 7. HP: 56/56 MP: 9/9
  4283 | D:4      | Killed Pikel
  4284 | D:4      | Reached skill level 9 in Unarmed Combat
  4438 | D:5      | Found a staircase to the Ecumenical Temple.
  4570 | D:5      | Reached XP level 8. HP: 53/62 MP: 8/10
  4692 | D:5      | Noticed Grinder
  4774 | D:5      | Paralysed by Grinder for 5 turns
  5115 | D:5      | Reached skill level 1 in Evocations
  5354 | D:6      | Noticed Sigmund
  5362 | D:6      | Killed Sigmund
  5861 | D:5      | Paralysed by Grinder for 4 turns
  5866 | D:5      | Killed Grinder
  5867 | D:5      | Reached skill level 10 in Unarmed Combat
  6421 | D:6      | Noticed Eustachio
  6445 | D:6      | Killed Eustachio
  6593 | D:7      | Reached XP level 9. HP: 66/68 MP: 11/11
  6820 | D:7      | Reached skill level 11 in Unarmed Combat
  6928 | D:7      | Noticed Dowan
  6929 | D:7      | Noticed Duvessa
  6947 | D:7      | Killed Dowan
  6969 | D:7      | Found a flagged portal.
  6981 | Bailey   | Entered a bailey
  7969 | Bailey   | Reached skill level 12 in Unarmed Combat
  8024 | Bailey   | Identified the +2 long sword of Grim Subterfuge {flame,
                  | Contam rPois Str+7 Dex+2}
  8338 | Bailey   | HP: 1/68 [gnoll sergeant/+2 great sword of holy wrath (17)]
 10000 | D:8      | Reached skill level 13 in Unarmed Combat
 10050 | D:8      | Noticed a deep elf pyromancer
 10069 | D:8      | Killed a deep elf pyromancer
 10070 | D:8      | Reached XP level 10. HP: 39/77 MP: 13/13
 10508 | D:8      | Noticed a two-headed ogre
 11088 | D:8      | Killed Duvessa
 11098 | D:8      | Mangled by a two-headed ogre

Illustrated notes

Levels and vault maps discovered:
D:1:      dpeg_arrival_round_a, layout_basic, hellmonk_ecumenical_altar_blasted
D:2:      layout_loops_ring, basic_altar
D:3:      layout_basic, uniq_jessica, uniq_crazy_yiuf_cottage
D:4:      layout_loops_cross, jmf_multi_god_temple2,
          cheibrodos_ashenzari_chains, kennysheep_cluttered_room, uniq_pikel
D:5:      layout_basic, minmay_temple_entry_stoned_glass, serial_shops,
          nicolae_shop_trees, kennysheep_potato, uniq_grinder
D:6:      layout_loops_cross, uniq_sigmund, uniq_eustachio
D:7:      layout_cave_pools, trog_butcher_becter, serial_glass, glass_columns_b,
          glass_columns_b, enter_bailey_2, uniq_duvessa
D:8:      cheibrodos_ideogram_h, layout_rooms, jmf_multi_god_temple,
          gammafunk_ghost_hydra_chop

Skill      XL: |  1  2  3  4  5  6  7  8  9 |
---------------+----------------------------+-----
Unarmed Combat | 2 3 4 5 6 7 9 10 13 | 13.5
Evocations     | 4 |  4.0
Fighting       | 3 |  3.9
Dodging        | |  1.7
Stealth        | |  4.5

Action                   |  1- 3 |  4- 6 |  7- 9 | 10-12 || total
-------------------------+-------+-------+-------+-------++-------
Melee: Unarmed           |    75 |    64 |   240 |    81 ||   460
       Punch             |     3 |     6 |    19 |     8 ||    36
       Short sword       |    95 |    98 |    87 |     5 ||   285
 Fire: Sling             |       |     5 |    97 |       ||   102
       Arbalest          |       |       |     5 |       ||     5
Throw: Dart              |       |     9 |    55 |     4 ||    68
       Throwing net      |       |       |     8 |       ||     8
       Boomerang         |       |       |    11 |       ||    11
Evoke: Wand              |       |       |    28 |     1 ||    29
  Use: Scroll            |       |       |    15 |       ||    15
       Potion            |       |       |     4 |     1 ||     5
 Stab: Sleeping          |     3 |       |       |       ||     3
       Distracted        |     1 |       |       |       ||     1
       Held in net/web   |       |       |     2 |       ||     2
       Invisible         |       |       |     1 |     3 ||     4
Armor: Leather armour    |     8 |       |       |       ||     8
       Scale mail        |    44 |       |       |       ||    44
       Chain mail        |    13 |    66 |   144 |       ||   223
       Plate armour      |       |       |    29 |    37 ||    66
Dodge: Dodged            |    72 |    44 |   151 |    22 ||   289
Block: Other             |       |       |     8 |    10 ||    18
       Reflection        |       |       |     2 |       ||     2

Table legend: (Time is in decaauts)
 A = Elapsed time spent in this place.
 B = Non-inter-level travel time spent in this place.
 C = Inter-level travel time spent in this place.
 D = Time resting spent in this place.
 E = Time spent auto-exploring this place.
 F = Levels seen in this place.
 G = Mean time per level.
                   A        B        C        D        E       F      G
               +--------+--------+--------+--------+--------+-----+--------+
         Total |  11082 |  10737 |    345 |   2141 |   5768 |   9 | 1231.3 |
       Dungeon |   9003 |   8658 |    345 |    895 |   5540 |   8 | 1125.4 |
        Bailey |   2079 |   2079 |      0 |   1246 |    228 |   1 | 2079.0 |
               +--------+--------+--------+--------+--------+-----+--------+

Top non-repeatable levels by time:
  Bailey: 2079 daAuts
     D:4: 1519 daAuts
     D:7: 1407 daAuts
     D:5: 1200 daAuts
     D:1: 1185 daAuts
     D:6: 1170 daAuts
     D:3: 959 daAuts
     D:8: 841 daAuts
     D:2: 718 daAuts
